 Dungeon Crawl Stone Soup version 0.27-a0-1391-g48c30b3128 (webtiles) character file.

Game seed: 16788421766080048215

221 Froggeryz the Cutter (level 5, 0/54 HPs)
             Began as an Octopode Berserker on July 1, 2021.
             Was a Believer of Trog.
             Slain by a gnoll (6 damage)
             ... on level 4 of the Dungeon.
             The game lasted 00:02:11 (3226 turns).

Froggeryz the Cutter (Octopode Berserker)           Turns: 3226, Time: 00:02:11

Health: 0/54       AC:  1    Str: 16    XL:     5   Next: 98%
Magic:  5/5        EV: 13    Int:  9    God:    Trog [**....]
Gold:   116        SH:  0    Dex: 13    Spells: 4/4 levels left

rFire    . . .     SeeInvis .   a - +0 short sword
rCold    . . .     Faith    +   (no shield)
rNeg     . . .     Spirit   .   (helmet restricted)
rPois    .         Reflect  .   p - amulet of faith
rElec    .         Harm     .   (no ring)
rCorr    .         Rampage  .   (no ring)
Will     .....                  (no ring)
Stlth    ..........             (no ring)
HPRegen  0.18/turn              (no ring)
MPRegen  0.09/turn              (no ring)
                                (no ring)
                                (no ring)

@: berserking, lethally poisoned (0 -> 0), very quick
A: almost no armour, amphibious, 8 rings, camouflage 1, gelatinous body 1,
(nimble swimmer 1), tentacles
a: Renounce Religion, Berserk, Trog's Hand


You were on level 4 of the Dungeon.
You worshipped Trog.
Trog was pleased with you.
You visited 1 branch of the dungeon, and saw 4 of its levels.

You collected 116 gold pieces.

Inventory:

Hand Weapons
 a - a +0 short sword (weapon)
Missiles
 c - 20 poisoned darts (quivered)
Armour
 h - a +0 buckler
Jewellery
 p - an amulet of faith (around mantle)
Wands
 q - a wand of acid (3)
 r - a wand of digging (4)
Scrolls
 b - a scroll of summoning {unknown}
 e - 2 scrolls of fear {unknown}
 g - 2 scrolls of amnesia {unknown}
 i - 5 scrolls of identify {unknown}
 j - 3 scrolls of noise {unknown}
 m - a scroll of teleportation {unknown}
 o - a scroll of immolation {unknown}
Potions
 d - a potion of curing {unknown}
 f - a potion of cancellation {unknown}
 k - a potion of magic {unknown}
 l - 3 potions of heal wounds {unknown}
 n - a potion of haste {unknown}


   Skills:
 - Level 3.0 Fighting
 * Level 5.1 Short Blades
 - Level 3.0 Dodging
 + Level 3.9 Stealth
 + Level 2.1 Shields


You had 4 spell levels left.
You didn't know any spells.
Your spell library was empty.

Dungeon Overview and Level Annotations

Branches:
Dungeon (4/15)
 Temple: D:4-7

Altars:
Ashenzari

Shops:
D:4 :

Annotations:
D:3 3 runed translucent doors, Nattfarinn's ghost, amateur NaVM


Innate Abilities, Weirdness & Mutations

You cannot wear most types of armour.
You are amphibious.
You can wear up to eight rings at the same time.
Your skin changes colour to match your surroundings (Stealth+).
Your rubbery body absorbs attacks. (AC +1, EV +1)
((You are camouflaged near water. (Stealth+)))
You have tentacles for arms and can constrict up to eight enemies at once.


Message History

The adder hisses angrily.
You closely miss the gnoll. Your grab misses the gnoll.
The gnoll closely misses you.
A red film seems to cover your vision as you go berserk!
You feel yourself moving faster!
You feel mighty! The adder skeleton bites you. The adder misses you.
The gnoll hits you with a +0 halberd!
You puncture the gnoll! You grab the gnoll. You squeeze the gnoll.
You kill the gnoll!
Trog accepts your kill. The adder skeleton bites you. The adder misses you.
You closely miss the gnoll. Your grab misses the gnoll.
Your squeeze misses the gnoll. The adder skeleton misses you.
You barely miss the gnoll. You grab the gnoll. You constrict the gnoll.
The adder bites you.
You are poisoned.
The adder poisons you! The gnoll barely misses you.
You puncture the gnoll!
The gnoll is almost dead.
You constrict the gnoll.
You feel sick. The adder skeleton closely misses you.
The adder closely misses you. The gnoll hits you with a +0 whip.
* * * LOW HITPOINT WARNING * * *
You miss the adder. You grab the adder. You constrict the adder.
You constrict the gnoll.
You kill the gnoll!
Trog accepts your kill.
You feel sick. The adder skeleton bites you.
* * * LOW HITPOINT WARNING * * *
The adder closely misses you.
You completely miss the adder.
The adder is lightly wounded.
You constrict the adder. You hit the adder.
The adder is almost dead.
You constrict the adder.
You kill the adder!
Trog accepts your kill.
You feel sick. The adder skeleton bites you.
* * * LOW HITPOINT WARNING * * *
The gnoll hits you with a +0 whip.
You die...

#.###.#
#.....##
#... #.#
#.....#
#... #.###
#.....# #..
#...#
#|....#
#...##...#
#...).##
#...$....#
#.(.....
#...##...#
########
#≈≈.≈≈#...#
≈≈≈.≈≈≈.@.#
≈≈≈.≈≈≈Zg†#
...∩......#
≈≈.≈≈≈...#
≈≈.≈≈≈...#
≈≈.≈≈#...#
.....>....
..........


You could see a gnoll and an adder skeleton.

Vanquished Creatures
  A jelly (D:4)
  Natasha (thrice) (D:3)
  2 gnolls (D:4)
  3 adders
  A worm (D:2)
  2 dart slugs
  An orc (D:3)
  6 bats
  9 endoplasms
  3 giant cockroaches
  4 goblins (D:1)
  8 hobgoblins
  4 jackals (D:2)
  6 kobolds
  3 quokkas
  A ball python (D:1)
  6 frilled lizards
  5 rats
68 creatures vanquished.

Notes
Turn   | Place    | Note
-------+----------+-------------------------------------------
     0 | D:1      | Froggeryz the Octopode Berserker began the quest for the
                  | Orb.
     0 | D:1      | Reached XP level 1. HP: 16/16 MP: 1/1
    74 | D:1      | Reached skill level 1 in Stealth
    88 | D:1      | Reached XP level 2. HP: 17/21 MP: 2/2
   478 | D:1      | Reached XP level 3. HP: 16/26 MP: 3/3
  1174 | D:2      | Reached skill level 4 in Short Blades
  1249 | D:2      | Reached ** piety under Trog
  1459 | D:2      | Reached XP level 4. HP: 29/31 MP: 4/4
  1526 | D:2      | Reached skill level 1 in Shields
  1953 | D:3      | Found a broken altar of Ashenzari.
  2074 | D:3      | Noticed Natasha
  2081 | D:3      | Killed Natasha
  2174 | D:3      | Noticed Natasha
  2176 | D:3      | Found a runed translucent gate.
  2180 | D:3      | Killed Natasha
  2181 | D:3      | Reached XP level 5. HP: 36/36 MP: 5/5
  2181 | D:3      | Found a runed translucent gate.
  2182 | D:3      | Found a runed translucent gate.
  2186 | D:3      | Noticed Nattfarinn's ghost (amateur NaVM)
  2472 | D:3      | Noticed Natasha
  2480 | D:3      | Killed Natasha
  2793 | D:4      | Reached skill level 5 in Short Blades
  3215 | D:4      | Found Wivoran's Self-Improvement Boutique.
  3226 | D:4      | Slain by a gnoll

Illustrated notes

Levels and vault maps discovered:
D:1:      onia_arrival_mini_maze_b, layout_rooms, minmay_tall_x
D:2:      layout_basic
D:3:      layout_loops_ring, nicolae_overflow_crystal_walls,
          gammafunk_ghost_necromancy, st_stairs_1, uniq_natasha
D:4:      layout_basic, chequers_serial_rivers_micro_c, corexii_hall_statues_l,
          nicolae_shop_self_help

Skill      XL: |  1  2  3  4  5 |
---------------+----------------+-----
Stealth        | 1 2 3 |  3.9
Short Blades   | 4 5 |  5.1
Shields        | 1 2 |  2.1
Fighting       | |  3.0
Dodging        | |  3.0

Action                   |  1- 3 |  4- 6 || total
-------------------------+-------+-------++-------
Melee: Short sword       |    72 |    71 ||   143
       Tentacles         |    20 |    12 ||    32
       Constrict         |    19 |    11 ||    30
Invok: Berserk           |     1 |     2 ||     3
 Stab: Sleeping          |     8 |     7 ||    15
       Distracted        |       |     1 ||     1
Armor: Skin              |     5 |     4 ||     9
Dodge: Dodged            |    39 |    36 ||    75

Table legend: (Time is in decaauts)
 A = Elapsed time spent in this place.
 B = Non-inter-level travel time spent in this place.
 C = Inter-level travel time spent in this place.
 D = Time resting spent in this place.
 E = Time spent auto-exploring this place.
 F = Levels seen in this place.
 G = Mean time per level.
                   A        B        C        D        E       F      G
               +--------+--------+--------+--------+--------+-----+--------+
         Total |   3234 |   3112 |    122 |    329 |   2375 |   4 |  808.5 |
       Dungeon |   3234 |   3112 |    122 |    329 |   2375 |   4 |  808.5 |
               +--------+--------+--------+--------+--------+-----+--------+

Top non-repeatable levels by time:
     D:1: 1243 daAuts
     D:3: 932 daAuts
     D:2: 607 daAuts
     D:4: 450 daAuts
